 Dungeon Crawl Stone Soup version 0.26.1-11-gd32895ea62 (webtiles) character file.

Game seed: 8125046668810622306

98 dtburroughs the Chopper (level 4, -2/41 HPs)
             Began as a Minotaur Berserker on July 8, 2021.
             Was a Believer of Trog.
             Slain by an orc (3 damage)
             ... on level 3 of the Dungeon.
             The game lasted 00:02:20 (1198 turns).

dtburroughs the Chopper (Minotaur Berserker)        Turns: 1198, Time: 00:02:21

Health: -2/41      AC:  5    Str: 21    XL:     4   Next: 44%
Magic:  3/3        EV: 12    Int:  5    God:    Trog [**....]
Gold:   135        SH:  0    Dex: 10    Spells: 3/3 levels left

rFire    . . .     SeeInvis .   f - -2 hand axe (curse)
rCold    . . .     Faith    .   (no shield)
rNeg     . . .     Spirit   .   d - +0 leather armour
rPois    .         Reflect  .   i - +1 hat
rElec    .         Harm     .   (no cloak)
rCorr    .         Rampage  .   c - +0 pair of gloves
Will     .....                  (no boots)
Stlth    +.........             (no amulet)
HPRegen  0.13/turn              (no ring)
MPRegen  0.08/turn              (no ring)

@: berserk cooldown, slowed, very slow
A: retaliatory headbutt, horns 2
a: Renounce Religion, Berserk, Trog's Hand


You were on level 3 of the Dungeon.
You worshipped Trog.
Trog was pleased with you.
You visited 1 branch of the dungeon, and saw 3 of its levels.

You collected 135 gold pieces.

Inventory:

Hand Weapons
 a - a +0 hand axe
 f - a cursed -2 hand axe (weapon)
Armour
 c - a +0 pair of gloves (worn)
 d - a +0 leather armour (worn)
 i - a +1 hat (worn)
Scrolls
 b - 3 scrolls of blinking {unknown}
 h - a scroll of fog {unknown}
 j - a scroll of remove curse {unknown}
 k - a scroll of amnesia {unknown}
Potions
 e - 2 potions of invisibility {unknown}
 g - 3 potions of curing {unknown}


   Skills:
 + Level 4.4 Fighting
 + Level 4.5 Axes
 + Level 3.5 Armour
 + Level 3.2 Dodging


You had 3 spell levels left.
You didn't know any spells.
Your spell library was empty.

Dungeon Overview and Level Annotations

Branches:
Dungeon (3/15)

Altars:


Innate Abilities, Weirdness & Mutations

You reflexively headbutt those who attack you in melee.
You have a pair of horns on your head.


Message History

You hit the orc. You headbutt the orc.
The orc is severely wounded.
The orc hits you.
* * * LOW HITPOINT WARNING * * *
The orc hits you.
* * * LOW HITPOINT WARNING * * *
You barely miss the orc.
The orc is severely wounded.
The orc hits you but does no damage.
You completely miss the orc. Your headbutt misses the orc.
The orc is severely wounded.
The orc closely misses you. You furiously retaliate!
You headbutt the orc, but do no damage.
The orc priest looks satisfied for a moment.
The orc hits you.
* * * LOW HITPOINT WARNING * * *
You barely miss the orc.
The orc is severely wounded.
The orc hits you.
You die...

#.# #.# #.#######.#
#.##......# ###.........#
#........##.#
#........##.#### .
#........##....#
....##########'########<##.#
#......[)@ooo# #####.#
#<.########o.# #.....# #
#..### #.##### #h...# #.#
.......#.#.# #.###
......g#.#.# #...#
....ooo#o. #######.###
...r..o ..............
..oo... ##########.###


You could see an orc priest and 3 orcs.

Vanquished Creatures
  An orc priest (D:3)
  3 adders (D:2)
  2 dart slugs (D:2)
  4 orcs (D:3)
  2 giant cockroaches (D:2)
  4 goblins
  2 hobgoblins
  4 jackals (D:3)
  2 kobolds (D:1)
  2 quokkas
  4 bats
  2 frilled lizards (D:1)
  7 rats (D:1)
39 creatures vanquished.

Notes
Turn   | Place    | Note
-------+----------+-------------------------------------------
     0 | D:1      | dtburroughs the Minotaur Berserker began the quest for the
                  | Orb.
     0 | D:1      | Reached XP level 1. HP: 19/19 MP: 0/0
   208 | D:1      | Reached XP level 2. HP: 27/27 MP: 1/1
   643 | D:2      | Reached XP level 3. HP: 33/33 MP: 2/2
  1177 | D:3      | Reached XP level 4. HP: 24/41 MP: 3/3
  1191 | D:3      | Reached ** piety under Trog
  1195 | D:3      | HP: 2/41 [orc (3)]
  1198 | D:3      | Slain by an orc

Illustrated notes

Levels and vault maps discovered:
D:1:      dpeg_arrival_orchard, layout_rooms
D:2:      layout_loops_ring
D:3:      layout_basic, uniq_robin

Skill      XL: |  1  2  3 |
---------------+----------+-----
Fighting       | 4 |  4.4
Axes           | 4 |  4.5
Armour         | 3 |  3.5
Dodging        | 3 |  3.2

Action                   |  1- 3 |  4- 6 || total
-------------------------+-------+-------++-------
Melee: Hand axe          |    63 |    18 ||    81
       Headbutt          |    14 |     1 ||    15
Invok: Berserk           |     1 |     1 ||     2
Armor: Animal skin       |     3 |       ||     3
       Leather armour    |    18 |     4 ||    22
Dodge: Dodged            |    50 |    11 ||    61
